Cogmind - Beta 11.1 --- EXPLORER MODE // 2022.10.10 @ 05:15:12 Player: Storm Mk9 Result: Destroyed by P-80 Master with Gamma Rifle Performance ------------- Evolutions (8) 4000 Regions Visited (24) 4800 Robots Destroyed (626) 3130 Value Destroyed (31097) 31097 Prototype IDs (86) 1720 Alien Tech Used (2) 400 Bonus (7873) 7873 TOTAL SCORE: 53020 Bonus ------- High Alert Combat Kills 3545 Follower Combat Kills 1342 Entered Garrisons 600 Used RIF Installer 1500 Network Hubs Disabled 600 Scanned by Researcher 500 Friendly Fire -214 Cogmind --------- Core Integrity 0/1450 Matter 295/300 Energy 2/100 System Corruption 35% Temperature Cool (1) Movement Hovering (60) Location -2/Research Parts ------- > --- POWER (3) -------- (None) > --- PROPULSION (4) --- Gravmag Array > --- UTILITY (11) ----- Terrain Scan Processor Advanced Targeting Computer Precision Matter Filter > --- WEAPON (6) ------- (None) > --- INVENTORY (5) ---- Centrium Leg Peak State ------------ > --- POWER ------------ Particle Reactor Compact Particle Reactor Quantum Reactor > --- PROPULSION ------- Enhanced Armored Heavy Treads Enhanced Armored Heavy Treads > --- UTILITY ---------- Advanced Heat Sink Advanced Cooling System High-capacity Storage Unit High-capacity Matter Pod Experimental Targeting Computer Improved Kinecellerator Experimental Power Shielding Layered Heavy Armor Plating Improved Thermal Defense Suite System Shield > --- WEAPON ----------- KE Penetrator Railgun Railgun Linear Accelerator Linear Accelerator Compact Linear Accelerator > --- INVENTORY -------- Particle Reactor Particle Reactor Particle Reactor Armored Heavy Treads Enhanced Armored Heavy Treads Improved Kinecellerator Advanced System Restoration Module KE Penetrator Railgun Mass Driver Mass Driver Mass Driver Hypervelocity Mass Driver Linear Accelerator Point Singularity Launcher Shock Maul [Rating: 178] Favorites ----------- Power Quantum Reactor Engine Improved Deuterium Engine Power Core Neutrino Core Reactor Quantum Reactor Propulsion Advanced Treads Treads Advanced Treads Hover Unit Gravmag Array Utility High-capacity Storage Unit Device Improved Kinecellerator Storage High-capacity Storage Unit Processor Experimental Targeting Computer Hackware System Shield Protection Layered Heavy Armor Plating Weapon Gauss Rifle Ballistic Gun Gauss Rifle Ballistic Cannon Mass Driver Launcher Heavy Rocket Launcher Special Weapon Plasma Cutter Impact Weapon Heavy Mace Build | -11 -10 -10 -9 -9 -8 -8 -8 -6 -6 -6 -6 -6 -6 -6 -5 -5 -5 -5 -4 -4 -4 -3 -3 -2 ------- Run | Scr Mat Min Mat Min Mat Sto Rec Fac Gar Fac Ext Cet Arc Hub Fac Gar Fac Gar Fac Upp Upp Res Qua Res Slots Evolved 17 | . 1 . 2 . 2 . . 4 . . . . . . 2 . . . 2 . . 2 . 2 Power 2 | . . . . . . . . 1 . . . . . . . . . . . . . 1 . . Propulsion 2 | . . . 2 . . . . . . . . . . . . . . . . . . . . . Utility 9 | . 1 . . . 1 . . 2 . . . . . . 2 . . . 2 . . 1 . . Weapon 4 | . . . . . 1 . . 1 . . . . . . . . . . . . . . . 2 Parts Attached 310 | 7 4 . 11 . 23 10 1 5 31 13 7 9 1 19 13 5 7 9 18 3 7 36 20 51 Power 43 | 1 2 . 1 . 3 . . 1 3 5 2 1 1 4 . 1 2 . 4 . 2 3 . 7 Engine 11 | 1 . . . . 2 . . . 3 1 2 . . 2 . . . . . . . . . . Core 9 | . 2 . 1 . 1 . . 1 . 3 . . . . . 1 . . . . . . . . Reactor 23 | . . . . . . . . . . 1 . 1 1 2 . . 2 . 4 . 2 3 . 7 Propulsion 59 | 2 . . 6 . 5 . . . 12 1 3 . . 4 3 . . . 3 . 1 8 3 8 Treads 57 | 2 . . 6 . 5 . . . 12 1 3 . . 4 3 . . . 3 . 1 8 3 6 Leg . | . . . . . . . . . . . . . . . . . . . . . . . . . Wheel . | . . . . . . . . . . . . . . . . . . . . . . . . . Hover 2 | . . . . . . . . . . . . . . . . . . . . . . . . 2 Flight . | . . . . . . . . . . . . . . . . . . . . . . . . . Utility 113 | 2 2 . 2 . 8 3 . 3 11 2 1 1 . 6 10 1 3 3 7 1 2 18 8 19 Device 51 | . . . . . 4 . . 1 4 1 . . . 4 2 . 1 2 4 1 . 12 4 11 Storage 6 | 1 1 . . . 1 . . . . . . . . . . . . . . . . 3 . . Processor 10 | . 1 . . . 1 . . . 1 . . . . 1 . . . . . . 1 . . 5 Hackware 7 | . . . . . . . . . . . . . . . 6 . . . . . . . 1 . Protection 39 | 1 . . 2 . 2 3 . 2 6 1 1 1 . 1 2 1 2 1 3 . 1 3 3 3 Artifact . | . . . . . . . . . . . . . . . . . . . . . . . . . Weapon 95 | 2 . . 2 . 7 7 1 1 5 5 1 7 . 5 . 3 2 6 4 2 2 7 9 17 Energy Gun . | . . . . . . . . . . . . . . . . . . . . . . . . . Energy Cannon . | . . . . . . . . . . . . . . . . . . . . . . . . . Ballistic Gun 58 | 2 . . 2 . 6 5 . 1 4 3 1 4 . 5 . 2 2 1 4 2 2 3 2 7 Ballistic Cannon 24 | . . . . . 1 . 1 . 1 1 . 2 . . . . . 5 . . . 3 4 6 Launcher 4 | . . . . . . . . . . . . . . . . 1 . . . . . 1 1 1 Special Weapon 1 | . . . . . . . . . . . . . . . . . . . . . . . . 1 Impact Weapon 8 | . . . . . . 2 . . . 1 . 1 . . . . . . . . . . 2 2 Slashing Weapon . | . . . . . . . . . . . . . . . . . . . . . . . . . Piercing Weapon . | . . . . . . . . . . . . . . . . . . . . . . . . . Special Melee Weapon . | . . . . . . . . . . . . . . . . . . . . . . . . . Unidentified Prototypes 26 | . . . . . . 2 . . . 5 . 2 . 3 . . 2 . 1 . . 6 3 2 Parts Lost 77 | . . . . . . . . . 8 . 1 . . 8 . 4 . . 5 1 1 2 . 47 Power 13 | . . . . . . . . . . . . . . 2 . 1 . . 1 . . . . 9 Propulsion 12 | . . . . . . . . . 3 . . . . 1 . . . . 1 . 1 . . 6 Utility 25 | . . . . . . . . . 4 . . . . 1 . 2 . . . . . 2 . 16 Weapon 27 | . . . . . . . . . 1 . 1 . . 4 . 1 . . 3 1 . . . 16 Highest Loss Streak 15 | . . . . . . . . . 4 . 1 . . 2 . 1 . . 2 1 1 2 . 15 To Critical Strikes 1 | . . . . . . . . . . . . . . . . . . . 1 . . . . . Average Slot Usage (%) 88 | . 100 100 99 100 99 100 100 86 98 98 91 92 92 96 87 83 82 81 79 80 80 85 84 65 Engine 2 | . 5 . . . 2 8 8 6 10 5 5 6 6 7 . . . . . . . . . . Core 2 | . 6 12 10 10 5 . . 3 1 1 . . . . . 2 5 5 4 . . . . . Reactor 5 | . . . . . . . . . . 4 6 6 5 4 11 8 4 5 5 10 9 13 13 8 Treads 18 | . 25 25 39 40 32 33 33 25 23 25 23 25 25 24 11 11 11 11 9 10 10 8 9 6 Device 11 | . . . . . 8 8 8 7 6 6 6 6 6 9 16 11 11 15 17 20 20 19 18 9 Storage 6 | . 12 12 10 10 8 8 8 6 6 6 6 6 6 6 5 5 5 5 5 5 5 6 9 6 Processor 7 | . 12 12 10 10 8 8 8 6 7 6 6 6 6 6 11 11 10 5 5 5 6 8 4 7 Protection 10 | . 12 12 10 10 7 7 8 8 15 15 12 12 12 11 9 11 10 11 12 10 10 8 8 3 Ballistic Gun 16 | . 25 25 20 20 17 14 16 14 23 16 12 12 12 18 22 20 21 15 8 18 20 12 3 6 Ballistic Cannon 4 | . . . . . 6 7 . 6 . 7 12 11 12 5 . . . 6 11 1 . 5 12 10 Naked Turns . | . . . . . . . . . . . . . . . . . . . . . . . . . Heaviest Build 177 | 20 90 90 94 94 100 68 68 84 100 114 118 127 127 127 119 130 128 153 173 156 156 177 176 176 Greatest Support 160 | 40 40 40 88 88 88 88 88 88 120 120 120 120 120 120 160 160 160 160 160 155 155 160 160 160 Greatest Overweight (x) 25 | . 2 2 1 1 1 . . . 2 . 1 1 1 1 1 . . . 1 1 1 2 1 25 Average Overweight (x) . | . . 2 1 1 . . . . . . . . 1 . . . . . . . . . . . Largest Inventory Capacity 25 | 10 25 25 25 25 25 20 20 20 20 20 20 20 20 20 20 20 20 20 20 20 20 20 20 20 Average Capacity 20 | 8 12 25 25 25 21 20 20 20 20 20 20 20 20 20 20 20 20 20 20 20 20 20 20 17 Most Carried 23 | 3 11 12 23 23 23 20 20 20 20 20 20 20 20 20 20 20 20 20 20 20 20 20 20 19 Average Carried 17 | 1 6 11 18 22 20 19 19 19 19 19 19 19 20 18 18 17 19 19 18 19 19 19 19 8 Final Capacity 25 | 10 25 25 25 25 20 20 20 20 20 20 20 20 20 20 20 20 20 20 20 20 20 20 20 5 Final Carried 23 | 3 11 12 23 23 19 20 20 19 19 20 19 20 20 18 20 16 20 20 19 20 20 19 18 1 Class Distribution -------------------- 31% | Scavenger-Tank 17% | Hacker-Mutant 17% | Scavenger-Gunner 12% | Hacker-Gunner 6% | Hacker-Tank 4% | Generator-Tank 4% | Scavenger-Mutant 3% | Hacker-Executioner Dominant Class ---------------- Hacker-Mutant | -10/Materials Hacker-Mutant | -10/Mines Hacker-Mutant | -9/Materials Hacker-Mutant | -9/Mines Hacker-Gunner | -8/Materials Hacker-Mutant | -8/Storage Hacker-Mutant | -8/Recycling Hacker-Gunner | -6/Factory Scavenger-Tank | -6/Garrison Scavenger-Tank | -6/Factory Hacker-Tank | -6/Extension Scavenger-Tank | -6/Cetus Scavenger-Tank | -6/Archives Scavenger-Tank | -6/Hub_04(d) Scavenger-Gunner | -5/Factory Scavenger-Gunner | -5/Garrison Scavenger-Gunner | -5/Factory Scavenger-Tank | -5/Garrison Scavenger-Tank | -4/Factory Scavenger-Tank | -4/Upper Caves Scavenger-Tank | -4/Upper Caves Generator-Tank | -3/Research Hacker-Tank | -3/Quarantine Hacker-Executioner | -2/Research Resources | -11 -10 -10 -9 -9 -8 -8 -8 -6 -6 -6 -6 -6 -6 -6 -5 -5 -5 -5 -4 -4 -4 -3 -3 -2 ----------- Run | Scr Mat Min Mat Min Mat Sto Rec Fac Gar Fac Ext Cet Arc Hub Fac Gar Fac Gar Fac Upp Upp Res Qua Res Matter Collected 23073 | 196 294 . 525 42 687 623 209 249 1598 875 779 765 289 1735 639 961 589 877 2323 583 592 3484 1653 2506 Remotely . | . . . . . . . . . . . . . . . . . . . . . . . . . Salvage Created 29345 | . 469 . 856 63 992 636 270 287 2328 1267 742 814 242 2802 1186 1823 1400 1259 2178 367 993 3996 1772 2603 Parts 1355 | . 36 . 53 8 68 39 22 15 80 55 31 27 6 125 54 80 68 55 85 15 37 189 102 105 Haulers Intercepted 25 | . 2 . 2 . 2 3 . . . 3 . . . 4 . . 3 . 3 . . 2 . 1 Recyclers Shooed 6 | . . . 1 . . . . . . 1 . . . . 1 . . . . . . 1 . 2 Parts Field Recycled . | . . . . . . . . . . . . . . . . . . . . . . . . . Retrieved Matter . | . . . . . . . . . . . . . . . . . . . . . . . . . Parts Self-Destructed . | . . . . . . . . . . . . . . . . . . . . . . . . . Prevented . | . . . . . . . . . . . . . . . . . . . . . . . . . Kills | -11 -10 -10 -9 -9 -8 -8 -8 -6 -6 -6 -6 -6 -6 -6 -5 -5 -5 -5 -4 -4 -4 -3 -3 -2 ------- Run | Scr Mat Min Mat Min Mat Sto Rec Fac Gar Fac Ext Cet Arc Hub Fac Gar Fac Gar Fac Upp Upp Res Qua Res Combat Hostiles Destroyed 502 | . 8 . 15 5 19 12 15 6 44 19 13 21 4 32 21 33 19 23 37 7 15 62 33 39 Melee 3 | . . . . . . . . . . . . . . . . . . . . . . . . 3 Guns 345 | . 8 . 15 5 9 9 15 5 39 10 5 14 3 29 21 33 19 21 13 5 15 37 6 9 Cannons 147 | . . . . . 10 3 . 1 5 7 8 7 1 3 . . . 2 24 2 . 25 27 22 AOE 3 | . . . . . . . . . . 2 . . . . . . . . . . . . . 1 Classes Destroyed 26 | . 3 . 2 1 4 2 1 1 2 . . . . 2 1 . . . 1 . . 3 2 1 Worker 26 | . . . . . . 1 . . . . 1 . . 11 2 . . . 2 . . 2 1 6 Builder 19 | . . . . . 1 . . . . 1 2 . . 6 . . . . . . . 2 2 5 Tunneler 3 | . . . . . . . . . . . . . . 2 . . . . . . . 1 . . Hauler 25 | . 2 . 2 . 2 3 . . . 3 . . . 4 . . 3 . 3 . . 2 . 1 Recycler 12 | . . . . . 2 . 2 . . . . . . 2 . . . . 1 . . . 3 2 Carrier 1 | . . . . . . . . . . . . . . . . . . . . . . 1 . . Mechanic 2 | . . . . . . . . . . . . . . . 1 . . . . . . . . 1 Operator 5 | . . . . . . 1 . . . . 1 . 1 1 . . 1 . . . . . . . Drone 15 | . . . . . . . 15 . . . . . . . . . . . . . . . . . Watcher 29 | . 2 . 3 . 2 . . . 2 1 1 1 . 3 1 1 3 . 1 . . 3 1 4 Swarmer 72 | . . . . 5 3 3 . . 3 . . 8 . 2 7 7 6 . 4 2 2 7 7 6 Cutter 8 | . . . . . . . . . 3 . . . . . . 2 . 3 . . . . . . Saboteur 2 | . . . . . . . . . . . . . . . . . . . 1 . . 1 . . Grunt 191 | . 8 . 9 . 6 5 . 3 21 11 7 7 . 9 6 18 7 12 13 2 8 15 14 10 Brawler 10 | . . . . . 1 . . . 2 . . 2 . . . . . . . 1 2 2 . . Duelist 11 | . . . 1 . . . . 1 1 1 . . . 1 . 3 . . 1 1 1 . . . Protector 3 | . . . . . . . . . . . . . . 1 . . . . 1 . . 1 . . Researcher 1 | . . . . . . . . . . . . . . . . . . . . . . . 1 . Sentry 76 | . . . 5 . 8 5 . 1 11 1 3 . 4 9 6 2 1 4 5 1 1 6 1 2 Specialist 3 | . . . . . . . . . . . . . . . . . . . . . . 3 . . Hunter 38 | . . . . . 1 . . . . 4 1 . . 1 . . . 2 6 . 1 15 2 5 Programmer 50 | . . . . . . . . 1 . 2 . . . 2 2 1 5 . 6 . . 10 8 13 Heavy 1 | . . . . . . . . . . . . . . . . . . . . . . 1 . . Q-Series 2 | . . . . . . . . . . . . . . . . . . . . . . . . 2 Behemoth 10 | . . . . . . . . . 3 . 2 . . 1 . . . 2 . . . 1 . 1 Cetus Guard 4 | . . . . . . . . . . . . 4 . . . . . . . . . . . . Lightning 6 | . . . . . . . . . . . . . . 6 . . . . . . . . . . Alpha 7 1 | . . . . . . . . . . . . . . . . . . . . . . . 1 . Best Kill Streak 10 | . 4 . 3 3 5 3 4 2 7 5 4 6 4 8 5 7 4 7 8 7 6 8 10 9 Combat Bots Only 7 | . 4 . 3 3 4 3 3 2 7 5 3 6 3 4 5 7 3 7 6 7 6 7 7 5 Max Kills in Single Turn 7 | . 1 . 1 1 2 2 1 1 3 3 2 2 1 7 3 2 2 2 3 1 1 2 2 5 Gunslinging 2 | . . . . . . . . . 2 . . . . . 1 1 1 1 . . . 1 . . Exploded 2 | . . . . . . . . . . 2 . . . . . . . . . . . . . 1 Melee 1 | . . . . . . . . . . . . . . . . . . . . . . . . 1 Uniques/NPCs Destroyed . | . . . . . . . . . . . . . . . . . . . . . . . . . Combat | -11 -10 -10 -9 -9 -8 -8 -8 -6 -6 -6 -6 -6 -6 -6 -5 -5 -5 -5 -4 -4 -4 -3 -3 -2 -------- Run | Scr Mat Min Mat Min Mat Sto Rec Fac Gar Fac Ext Cet Arc Hub Fac Gar Fac Gar Fac Upp Upp Res Qua Res Damage Taken 29023 | . 214 . 639 70 507 389 . 260 2155 681 737 956 212 1954 381 1007 298 1084 2012 289 602 2746 1026 10804 Core 2625 | . 24 . 88 . 30 93 . 3 120 95 41 71 34 94 11 34 29 125 59 5 23 116 72 1458 Absorbed by Shields 6336 | . . . . . . . . . . . 7 . . . . . . 405 1474 299 415 2573 1002 161 Reduced by Siege Mode 331 | . . . . . . . . . . . . . . . . 118 . 43 . 4 38 82 6 40 Redirected to Shielding 527 | . 5 . 8 . 43 59 . 22 107 . . . . . . . . . . . . . 53 230 Regen/Repaired (Parts) 2858 | . . . . . 303 . . 81 302 27 . . . . . . . . . . . 738 820 587 Core Remaining (%) 81 | 100 . 90 . 78 . . 77 . . . . . . 46 . . . 80 . . 92 . 85 . Volleys Fired 1124 | . 30 . 65 6 46 47 33 11 106 38 34 36 11 88 29 67 32 54 79 14 28 132 56 82 Largest 6 | . 2 . 2 2 3 3 2 4 4 4 4 4 4 4 4 4 4 4 4 4 4 4 4 6 Hottest 305 | . 40 . 46 46 85 87 30 84 114 159 159 163 163 163 106 110 106 228 199 157 108 237 237 305 Shots Fired 3999 | . 60 . 128 12 137 129 66 37 385 150 126 137 44 348 116 235 127 188 313 57 113 521 220 350 Gun 2846 | . 60 . 128 12 102 86 66 26 351 105 63 72 22 262 116 230 127 151 146 35 113 372 56 145 Cannon 1135 | . . . . . 35 43 . 11 34 45 63 65 22 86 . . . 37 167 22 . 149 164 192 Launcher 7 | . . . . . . . . . . . . . . . . 5 . . . . . . . 2 Special 11 | . . . . . . . . . . . . . . . . . . . . . . . . 11 Kinetic 3981 | . 60 . 128 12 137 129 66 37 385 150 126 137 44 348 116 230 127 188 313 57 113 521 220 337 Thermal 11 | . . . . . . . . . . . . . . . . . . . . . . . . 11 Explosive 7 | . . . . . . . . . . . . . . . . 5 . . . . . . . 2 Electromagnetic . | . . . . . . . . . . . . . . . . . . . . . . . . . Robot Hit Streak 101 | . 33 . 40 7 59 45 47 30 55 39 75 11 21 48 101 44 32 41 49 15 65 42 100 86 Robot Miss Streak 4 | . 1 . 1 1 1 1 3 1 1 2 4 2 2 2 1 1 1 2 2 1 1 2 2 3 Penetration Max 2 | . . . . . . . . . 1 1 1 1 . 1 1 1 1 1 1 . 1 1 1 2 Secondary Targets 56 | . 1 . 2 . . . . . 9 . . . . 1 8 8 2 8 . . 4 13 . . Max Gunslinging Chain 2 | . 1 . 1 . . . . . 2 . . . . 1 1 1 1 2 . . 1 1 . . Shots Hit Robots 3052 | . 53 . 114 8 116 97 33 29 295 108 100 85 32 243 98 146 85 145 235 40 93 434 161 302 Core Hits 1198 | . 25 . 39 5 47 32 17 13 102 48 40 37 12 114 47 64 42 51 93 16 33 150 69 102 Critical Kills 95 | . 1 . . . 2 1 . . 11 3 . 7 2 19 7 10 8 1 1 . 2 16 . 4 Critical Parts Destroyed 144 | . . . 1 . 1 1 . . 13 6 12 8 3 30 4 15 6 1 3 1 1 23 . 15 Critical Strikes 338 | . 1 . 2 . 4 2 . . 33 12 18 20 9 57 13 25 14 5 14 1 3 63 17 25 Destroy 246 | . 1 . 2 . 3 2 . . 30 9 12 15 6 52 13 25 14 2 4 1 3 48 . 4 Blast 76 | . . . . . 1 . . . 3 3 6 5 3 5 . . . 3 10 . . 15 17 5 Smash 15 | . . . . . . . . . . . . . . . . . . . . . . . . 15 Sever 1 | . . . . . . . . . . . . . . . . . . . . . . . . 1 Melee Attacks 84 | . . . . . . 29 . . . . . 9 . . . . . . . . . . 1 45 Impact 84 | . . . . . . 29 . . . . . 9 . . . . . . . . . . 1 45 Slashing . | . . . . . . . . . . . . . . . . . . . . . . . . . Piercing . | . . . . . . . . . . . . . . . . . . . . . . . . . Sneak Attacks 3 | . . . . . . . . . . . . . . . . . . . . . . . . 3 Combat Hostiles . | . . . . . . . . . . . . . . . . . . . . . . . . . Follow-up Attacks . | . . . . . . . . . . . . . . . . . . . . . . . . . Damage Inflicted 90501 | . 657 . 1690 142 1981 1773 852 662 7149 3196 3031 2470 989 8097 2527 3795 2471 4117 7719 1243 2573 14144 6717 12506 Guns 57576 | . 657 . 1690 142 1383 1167 852 556 6628 2145 1468 1356 431 5687 2492 3795 2471 2941 3144 778 2573 9514 1681 4025 Cannons 28772 | . . . . . 598 606 . 106 521 742 1563 1114 558 1776 . . . 1176 4280 465 . 4630 5032 5605 Explosions 2265 | . . . . . . . . . . 309 . . . 634 35 . . . 295 . . . . 992 Melee 1598 | . . . . . . . . . . . . . . . . . . . . . . . . 1598 Ramming 193 | . . . . . . . . . . . . . . . . . . . . . . . 4 189 Kinetic 86348 | . 657 . 1690 142 1981 1773 852 662 7149 2887 3031 2470 989 7463 2492 3795 2471 4117 7424 1243 2573 14144 6713 9630 Thermal 539 | . . . . . . . . . . 309 . . . . . . . . 70 . . . . 160 Explosive 1021 | . . . . . . . . . . . . . . . 35 . . . 225 . . . . 761 Electromagnetic 802 | . . . . . . . . . . . . . . 634 . . . . . . . . . 168 Impact 1598 | . . . . . . . . . . . . . . . . . . . . . . . . 1598 Slashing . | . . . . . . . . . . . . . . . . . . . . . . . . . Piercing . | . . . . . . . . . . . . . . . . . . . . . . . . . Highest Corruption 35 | . . . . . 3 . . . 3 5 5 5 5 13 1 1 1 1 2 2 3 6 6 35 Average Corruption 4 | . . . . . 1 . . . 2 3 5 5 5 6 1 1 1 1 1 2 2 4 5 22 Corruption Purged 16 | . . . . . 3 . . . 3 . . . . . . . . . . . . . 7 3 Corruption Blocked . | . . . . . . . . . . . . . . . . . . . . . . . . . Effects 415 | . . . . . 7 . . . 30 19 21 24 11 43 5 14 19 7 11 19 35 48 21 81 Message Errors 93 | . . . . . 2 . . . 5 2 3 6 4 8 3 3 3 2 2 6 10 9 4 21 Matter Fused 92 | . . . . . 1 . . . 7 6 6 5 3 9 . 2 4 1 2 6 7 14 4 15 Heat Flow Errors 44 | . . . . . . . . . 4 3 4 2 2 2 . 1 5 . 1 1 4 6 4 5 Energy Discharges 52 | . . . . . 2 . . . 4 4 . 6 . 5 . 5 2 . 2 1 3 8 . 10 Parts Rejected 16 | . . . . . . . . . . 2 2 1 1 . . . . . 2 . . 2 3 3 Data Loss (minor) 46 | . . . . . 1 . . . 4 1 3 3 1 8 2 . 5 . . 2 5 1 3 7 Data Loss (major) 19 | . . . . . . . . . 3 . . . . . . 1 . 2 . 1 3 1 2 6 Misfires 17 | . . . . . . . . . 1 1 1 . . 3 . 1 . 2 2 1 1 . . 4 Alerts 7 | . . . . . . . . . 1 . 1 . . 1 . 1 . . . 1 2 . . . Misdirections 5 | . . . . . . . . . . . . . . . . . . . . . . . . 5 Weapon Failures 24 | . . . . . 1 . . . 1 . 1 1 . 7 . . . . . . . 7 1 5 Overload Shots . | . . . . . . . . . . . . . . . . . . . . . . . . . Overflow Damage 2422 | . . . . . . . . . 6 13 11 6 . 54 . . . 12 202 . . 226 271 1621 Projectiles 1192 | . . . . . . . . . 6 13 11 6 . 22 . . . 12 202 . . 226 271 423 Explosions 185 | . . . . . . . . . . . . . . 32 . . . . . . . . . 153 Melee 1045 | . . . . . . . . . . . . . . . . . . . . . . . . 1045 Knockbacks 208 | . . . . . 3 3 . 1 1 2 6 7 . 15 . . . . 26 1 . 33 41 69 Impact 12 | . . . . . . . . . . . . . . . . . . . . . . . . 12 Kinetic 182 | . . . . . 3 3 . 1 1 2 6 6 . 13 . . . . 24 1 . 32 39 51 Secondary 14 | . . . . . . . . . . . . 1 . 2 . . . . 2 . . 1 2 6 Self-Inflicted Damage 443 | . . . . . . . . . . . . . . 161 . 14 . . 48 . . . . 220 Shots 8 | . . . . . . . . . . . . . . 3 . 1 . . 1 . . . . 3 Rammed 29 | . . . . . . . . . . . . . . . . . . . . . . . 1 28 Targets Rammed 29 | . . . . . . . . . . . . . . . . . . . . . . . 1 28 Kicked . | . . . . . . . . . . . . . . . . . . . . . . . . . Crushed . | . . . . . . . . . . . . . . . . . . . . . . . . . Highest Temperature 744 | . 4 . 30 . 9 9 . 33 285 278 386 323 187 262 4 227 256 581 604 239 198 413 196 744 Average Temperature 110 | . 2 . 8 . 9 9 . 11 69 59 110 99 69 82 3 23 45 127 154 36 91 152 14 181 Received Heat Transfer 6910 | . 201 . 363 . 261 171 . 108 1140 249 330 180 45 531 126 527 75 335 326 81 196 316 170 1179 Effects 99 | . . . . . . . . . 5 1 3 . . 1 . 3 . 9 33 . . 11 . 33 Shutdowns 37 | . . . . . . . . . . . . . . . . . . 2 14 . . 6 . 15 Energy Bleed 12 | . . . . . . . . . . 1 1 . . . . . . 2 3 . . 1 . 4 Interference 26 | . . . . . . . . . 5 . 2 . . 1 . 3 . . 6 . . 3 . 6 Matter Decay 3 | . . . . . . . . . . . . . . . . . . . 3 . . . . . Short Circuit 9 | . . . . . . . . . . . . . . . . . . 1 3 . . 1 . 4 Damage (minor) 8 | . . . . . . . . . . . . . . . . . . 1 4 . . . . 3 Damage (major) 2 | . . . . . . . . . . . . . . . . . . 2 . . . . . . Damage (core) 2 | . . . . . . . . . . . . . . . . . . 1 . . . . . 1 Siege Activations 20 | . . . . . . . . . . . . . . . . 5 . 2 1 1 3 5 1 2 Total Turns 694 | . . . . . . . . . . . . . . . . 188 . 99 19 14 108 203 19 44 Longest Duration 104 | . . . . . . . . . . . . . . . . 54 . 59 19 14 73 104 19 29 Robots Corrupted . | . . . . . . . . . . . . . . . . . . . . . . . . . Combat Hostiles . | . . . . . . . . . . . . . . . . . . . . . . . . . Parts Fried 19 | . . . . . . . . . . . 3 . . 6 . . . . . . . . . 10 Impact Corruptions 32 | . . . . . . . . . . . . . . . . . . . . . . . . 32 Robots Melted . | . . . . . . . . . . . . . . . . . . . . . . . . . Combat Hostiles . | . . . . . . . . . . . . . . . . . . . . . . . . . Parts Melted 3 | . . . . . . . . . . . . . . . . . . . . . . 1 . 2 Heat Transferred 596 | . . . . . . . . . . 150 . . . . . . . . 50 . . . . 396 Parts Sabotaged 1 | . . . . . . . . . . . . . . . . . . . . . . 1 . . Parts Stolen . | . . . . . . . . . . . . . . . . . . . . . . . . . Parts Stripped . | . . . . . . . . . . . . . . . . . . . . . . . . . Power Chain Reactions 3 | . . . . . . . . . . . . . . . . . . . . . . . . 3 Missiles Intercepted . | . . . . . . . . . . . . . . . . . . . . . . . . . Alert | -11 -10 -10 -9 -9 -8 -8 -8 -6 -6 -6 -6 -6 -6 -6 -5 -5 -5 -5 -4 -4 -4 -3 -3 -2 ------- Run | Scr Mat Min Mat Min Mat Sto Rec Fac Gar Fac Ext Cet Arc Hub Fac Gar Fac Gar Fac Upp Upp Res Qua Res Peak Influence 1448 | . 127 33 262 144 276 599 145 1054 1448 818 449 415 229 801 404 1165 643 564 888 . . 456 769 284 Initial 922 | . . 33 . 9 39 20 17 922 367 564 235 59 68 54 241 72 454 12 219 . . . 191 6 Average 356 | . 67 9 90 75 108 216 67 940 1088 610 283 210 193 433 169 732 374 408 457 . . 233 291 86 Maximum Alert Level 4 | . . . 1 . 1 2 . 3 4 3 2 2 1 3 2 4 2 2 3 . . 2 3 1 Low Security (%) 41 | 100 100 100 84 100 73 48 100 . . . 19 34 27 8 56 8 17 15 5 . . 47 41 90 Level 1 23 | . . . 15 . 26 32 . . 1 5 76 59 72 28 41 6 35 21 45 . . 39 19 9 Level 2 21 | . . . . . . 18 . 10 20 77 3 5 . 61 2 20 47 63 31 . . 13 35 . Level 3 8 | . . . . . . . . 89 23 17 . . . 2 . 56 . . 17 . . . 3 . Level 4 5 | . . . . . . . . . 54 . . . . . . 8 . . . . . . . . Level 5 . | . . . . . . . . . . . . . . . . . . . . . . . . . High Security . | . . . . . . . . . . . . . . . . . . . . . . . . . Max Security . | . . . . . . . . . . . . . . . . . . . . . . . . . Squads Dispatched 81 | . 1 . 3 . 3 4 . 1 . 6 2 1 . 7 6 . 10 . 8 . 1 10 8 10 Investigation 14 | . 1 . 1 . 1 1 . . . . 1 1 . 1 1 . 4 . 1 . . 1 . . Extermination 25 | . . . . . . . . 1 . 1 . . . 1 2 . 4 . 3 . . 2 3 8 Reinforcement 29 | . . . 2 . 2 2 . . . 4 1 . . 3 1 . 2 . 2 . . 5 3 2 Assault 6 | . . . . . . . . . . 1 . . . . . . . . 2 . 1 1 1 . Garrison 7 | . . . . . . 1 . . . . . . . 2 2 . . . . . . 1 1 . Intercept . | . . . . . . . . . . . . . . . . . . . . . . . . . Searches Triggered 1 | . . . . . . . . 1 . . . . . . . . . . . . . . . . Construction Impeded 1 | . . . . . . . . . . . 1 . . . . . . . . . . . . . Haulers Reinforced 10 | . . . . . . . . . . 3 . . . . . . 1 . 1 . . 2 1 2 Active Scanning Responses . | . . . . . . . . . . . . . . . . . . . . . . . . . Cargo Convoy Interrupts 1 | . . . . . . . . . . . . . . . . . . . . . . 1 . . Stealth | -11 -10 -10 -9 -9 -8 -8 -8 -6 -6 -6 -6 -6 -6 -6 -5 -5 -5 -5 -4 -4 -4 -3 -3 -2 --------- Run | Scr Mat Min Mat Min Mat Sto Rec Fac Gar Fac Ext Cet Arc Hub Fac Gar Fac Gar Fac Upp Upp Res Qua Res Distress Signals 41 | . . . 3 . 2 2 . 1 2 . 1 2 . 4 . . 4 . 4 . . 4 3 9 Communications Jammed . | . . . . . . . . . . . . . . . . . . . . . . . . . Distress Signals . | . . . . . . . . . . . . . . . . . . . . . . . . . Times Spotted 697 | . 12 . 28 5 25 33 21 8 48 26 24 27 4 44 27 45 33 21 45 8 17 78 47 71 Peak Tracking Total 10 | . 4 . 5 3 5 10 2 3 7 5 5 5 2 6 4 7 5 6 7 7 9 8 6 10 Tactical Retreats 46 | . . . 3 . . 2 . . 3 1 5 . . 1 1 11 1 . 4 . 3 2 3 6 Traps | -11 -10 -10 -9 -9 -8 -8 -8 -6 -6 -6 -6 -6 -6 -6 -5 -5 -5 -5 -4 -4 -4 -3 -3 -2 ------- Run | Scr Mat Min Mat Min Mat Sto Rec Fac Gar Fac Ext Cet Arc Hub Fac Gar Fac Gar Fac Upp Upp Res Qua Res Traps Triggered 20 | . . . . . 5 1 . 1 7 1 . . . 1 . 1 1 . . . . . 2 . Indirectly . | . . . . . . . . . . . . . . . . . . . . . . . . . Trap Hack Attempts . | . . . . . . . . . . . . . . . . . . . . . . . . . Triggered . | . . . . . . . . . . . . . . . . . . . . . . . . . Disarmed 2 | . . . . . . 1 . . . . . . . . . . . . . . . . 1 . Reprogrammed . | . . . . . . . . . . . . . . . . . . . . . . . . . Reused . | . . . . . . . . . . . . . . . . . . . . . . . . . Traps Extracted . | . . . . . . . . . . . . . . . . . . . . . . . . . Installed . | . . . . . . . . . . . . . . . . . . . . . . . . . Triggered . | . . . . . . . . . . . . . . . . . . . . . . . . . Machines | -11 -10 -10 -9 -9 -8 -8 -8 -6 -6 -6 -6 -6 -6 -6 -5 -5 -5 -5 -4 -4 -4 -3 -3 -2 ---------- Run | Scr Mat Min Mat Min Mat Sto Rec Fac Gar Fac Ext Cet Arc Hub Fac Gar Fac Gar Fac Upp Upp Res Qua Res Machines Disabled 103 | . . . . . . 1 2 . 2 6 2 6 2 20 7 1 6 . 31 . . 2 5 10 Max in Single Turn 7 | . . . . . . 1 1 . 1 6 1 1 1 6 2 1 3 . 7 . . 1 1 2 Garrison Access 4 | . . . . . . . . . . . . . . 1 . . . . . . . 2 1 . Garrison Relay 3 | . . . . . . . . . 2 . . . . . . 1 . . . . . . . . Network Hub 3 | . . . . . . . . . . . . . . 3 . . . . . . . . . . Machines Sabotaged . | . . . . . . . . . . . . . . . . . . . . . . . . . Garrisons Compromised . | . . . . . . . . . . . . . . . . . . . . . . . . . Overloaded Fab Kills . | . . . . . . . . . . . . . . . . . . . . . . . . . Hacking | -11 -10 -10 -9 -9 -8 -8 -8 -6 -6 -6 -6 -6 -6 -6 -5 -5 -5 -5 -4 -4 -4 -3 -3 -2 --------- Run | Scr Mat Min Mat Min Mat Sto Rec Fac Gar Fac Ext Cet Arc Hub Fac Gar Fac Gar Fac Upp Upp Res Qua Res Machines Accessed 105 | . 6 . 8 . 9 11 6 3 . 1 10 2 . 7 7 . 11 . 1 . 2 3 13 5 Terminals 80 | . 6 . 7 . 5 10 6 1 . 1 10 2 . 6 4 . 7 . 1 . . 1 10 3 Fabricators 3 | . . . . . . . . . . . . . . . 1 . 2 . . . . . . . Repair Stations 6 | . . . . . 1 . . . . . . . . . 1 . 1 . . . . 1 1 1 Recycling Units 4 | . . . 1 . 1 1 . . . . . . . . . . . . . . . . . 1 Scanalyzers 4 | . . . . . 2 . . 1 . . . . . . . . . . . . . . 1 . Garrison Access 6 | . . . . . . . . 1 . . . . . 1 1 . 1 . . . . 1 1 . Total Hacks 485 | . 28 . 28 . 41 31 21 8 . 2 18 6 . 22 40 . 67 . 11 . 8 13 99 42 Successful 291 | . 23 . 16 . 29 17 15 4 . 1 10 4 . 6 23 . 43 . 4 . 8 7 59 22 Failed 194 | . 5 . 12 . 12 14 6 4 . 1 8 2 . 16 17 . 24 . 7 . . 6 40 20 Catastrophic 28 | . 2 . . . 2 1 1 . . 1 . 1 . 4 5 . 1 . 1 . . . 5 4 Database Lockouts . | . . . . . . . . . . . . . . . . . . . . . . . . . Manual 256 | . 22 . 20 . 17 19 12 1 . 2 4 . . 16 9 . 28 . 4 . . 4 69 29 Terminals 396 | . 28 . 27 . 17 28 21 2 . 2 18 6 . 21 21 . 61 . 11 . . 7 90 36 Fabricators 18 | . . . . . . . . . . . . . . . 16 . 2 . . . . . . . Repair Stations 27 | . . . . . 6 . . . . . . . . . 2 . 3 . . . . 5 6 5 Recycling Units 6 | . . . 1 . 1 3 . . . . . . . . . . . . . . . . . 1 Scanalyzers 23 | . . . . . 17 . . 4 . . . . . . . . . . . . . . 2 . Garrison Access 7 | . . . . . . . . 2 . . . . . 1 1 . 1 . . . . 1 1 . Terminal Hacks 167 | . 16 . 10 . 3 11 12 . . . 9 4 . 3 5 . 31 . 2 . 8 3 39 11 Record 13 | . . . . . . . . . . . . 4 . . . . 1 . . . 7 1 . . Part Schematic 21 | . 4 . 2 . 2 2 5 . . . . . . . . . 5 . . . . . . 1 Robot Schematic 3 | . . . . . . 2 1 . . . . . . . . . . . . . . . . . Robot Analysis 3 | . . . . . . . 1 . . . . . . . 1 . . . . . . . 1 . Prototype ID Bank 36 | . 3 . 5 . . . . . . . . . . . . . 8 . . . . . 19 1 Open Door 12 | . . . . . . 4 . . . . 6 . . . . . . . . . 1 . 1 . Open DSF 1 | . . . . . . . . . . . . . . . . . 1 . . . . . . . Level Access Points 1 | . . . . . . . . . . . . . . . . . . . . . . . 1 . Branch Access Points 11 | . 1 . 1 . 1 . 1 . . . 1 . . 1 1 . 1 . . . . 1 1 1 Machine Index 2 | . . . . . . . . . . . . . . 1 . . . . . . . . 1 . Terminal Index 5 | . 1 . . . . . 1 . . . . . . . . . 1 . . . . . 1 1 Fabricator Index 2 | . . . . . . . . . . . . . . . . . 1 . . . . . . 1 Repair Station Index 1 | . . . . . . . . . . . . . . . . . . . . . . . 1 . Scanalyzer Index 1 | . . . . . . . . . . . . . . . . . 1 . . . . . . . Garrison Index 2 | . . . . . . . . . . . . . . . . . 1 . . . . . 1 . Unreport Threat 7 | . . . . . . . . . . . . . . . 1 . . . 2 . . . 3 1 Locate Traps 14 | . 3 . . . . 2 . . . . 2 . . . 1 . . . . . . . 5 1 Disarm Traps 2 | . . . . . . 1 . . . . . . . . . . . . . . . . 1 . Dispatch Records 8 | . 1 . . . . . 1 . . . . . . . 1 . 3 . . . . . 1 1 Maintenance Status 1 | . . . . . . . . . . . . . . . . . . . . . . . 1 . Security Status 2 | . . . . . . . . . . . . . . . . . 2 . . . . . . . Surveillance Status 1 | . . . . . . . . . . . . . . . . . 1 . . . . . . . Patrol Status 1 | . . . . . . . . . . . . . . . . . . . . . . . 1 . Transport Status 1 | . . . . . . . . . . . . . . . . . 1 . . . . . . . Recall Investigation 1 | . . . . . . . 1 . . . . . . . . . . . . . . . . . Recall Extermination 2 | . . . . . . . . . . . . . . . . . 1 . . . . . . 1 Recall Reinforcements 1 | . . . . . . . . . . . . . . 1 . . . . . . . . . . Hauler Manifests 3 | . . . . . . . . . . . . . . . . . 2 . . . . . . 1 Registered Components 6 | . 2 . 1 . . . 1 . . . . . . . . . 1 . . . . . . 1 Registered Prototypes 3 | . 1 . 1 . . . . . . . . . . . . . . . . . . 1 . . Fabricator Hacks 15 | . . . . . . . . . . . . . . . 13 . 2 . . . . . . . Load Schematic 6 | . . . . . . . . . . . . . . . 6 . . . . . . . . . Build 9 | . . . . . . . . . . . . . . . 7 . 2 . . . . . . . Repair Station Hacks 21 | . . . . . 6 . . . . . . . . . 1 . 2 . . . . 2 6 4 Scan Component 11 | . . . . . 3 . . . . . . . . . 1 . 1 . . . . 1 3 2 Repair 10 | . . . . . 3 . . . . . . . . . . . 1 . . . . 1 3 2 Recycling Unit Hacks 4 | . . . 1 . 1 1 . . . . . . . . . . . . . . . . . 1 Report Inventory 4 | . . . 1 . 1 1 . . . . . . . . . . . . . . . . . 1 Scanalyzer 18 | . . . . . 14 . . 3 . . . . . . . . . . . . . . 1 . Insert Component 8 | . . . . . 6 . . 1 . . . . . . . . . . . . . . 1 . Analyze 10 | . . . . . 8 . . 2 . . . . . . . . . . . . . . . . Garrison Access Hacks 6 | . . . . . . . . 1 . . . . . 1 1 . 1 . . . . 1 1 . Unlock Access 3 | . . . . . . . . 1 . . . . . . 1 . 1 . . . . . . . Seal Access 3 | . . . . . . . . . . . . . . 1 . . . . . . . 1 1 . Unauthorized Hacks 59 | . 7 . 5 . 5 5 3 . . 1 1 . . 2 3 . 7 . 2 . . 1 12 5 Terminals 59 | . 7 . 5 . 5 5 3 . . 1 1 . . 2 3 . 7 . 2 . . 1 12 5 Track 8 | . 1 . . . . . . . . . . . . . . . 2 . 1 . . . 2 2 Botnet 50 | . 6 . 5 . 5 5 3 . . 1 1 . . 2 3 . 5 . 1 . . 1 9 3 Operators 1 | . . . . . . . . . . . . . . . . . . . . . . . 1 . Fabricators . | . . . . . . . . . . . . . . . . . . . . . . . . . Repair Stations . | . . . . . . . . . . . . . . . . . . . . . . . . . Recycling Units . | . . . . . . . . . . . . . . . . . . . . . . . . . Scanalyzers . | . . . . . . . . . . . . . . . . . . . . . . . . . Garrison Access . | . . . . . . . . . . . . . . . . . . . . . . . . . Data Cores Recovered 3 | . . . . . . 1 . . . . 1 . . . . . 1 . . . . . . . Used 1 | . . . . . . 1 . . . . . . . . . . . . . . . . . . Hacking Detections 82 | . 6 . 7 . 8 9 5 2 . 1 7 2 . 6 6 . 7 . 1 . . 2 9 4 Full Trace Events 17 | . 1 . 1 . 4 2 . . . . 1 1 . 1 1 . 3 . 1 . . 1 . . Feedback Events 1 | . . . . . 1 . . . . . . . . . . . . . . . . . . . Corruption 1 | . . . . . 1 . . . . . . . . . . . . . . . . . . . Feedback Blocked . | . . . . . . . . . . . . . . . . . . . . . . . . . Robot Schematics Acquired 3 | . . . . . . 2 1 . . . . . . . . . . . . . . . . . Robots Built 18 | . . . . . . . . . . . . . . . 15 . 3 . . . . . . . Authchips 5 | . . . . . . . . . . . . . . . 5 . . . . . . . . . Time 357 | . . . . . . . . . . . . . . . 290 . 67 . . . . . . . Total Robot Build Rating 57 | . . . . . . . . . . . . . . . 45 . 12 . . . . . . . Part Schematics Acquired 26 | . 4 . 2 . 7 2 4 1 . . . . . . . . 5 . . . . . . 1 Parts Built 6 | . . . . . . . . . . . . . . . 4 . 2 . . . . . . . Authchips 1 | . . . . . . . . . . . . . . . 1 . . . . . . . . . Time 217 | . . . . . . . . . . . . . . . 111 . 106 . . . . . . . Total Part Build Rating 38 | . . . . . . . . . . . . . . . 26 . 12 . . . . . . . Parts Repaired 8 | . . . . . 3 . . . . . . . . . . . . . . . . 1 2 2 Time 504 | . . . . . 108 . . . . . . . . . . . 108 . . . . 28 192 68 Parts Recycled . | . . . . . . . . . . . . . . . . . . . . . . . . . Recycled Matter . | . . . . . . . . . . . . . . . . . . . . . . . . . Retrieved Matter . | . . . . . . . . . . . . . . . . . . . . . . . . . Retrieved Components . | . . . . . . . . . . . . . . . . . . . . . . . . . Parts Scanalyzed 7 | . . . . . 6 . . 1 . . . . . . . . . . . . . . . . Part Schematics Acquired 6 | . . . . . 5 . . 1 . . . . . . . . . . . . . . . . Parts Damaged . | . . . . . . . . . . . . . . . . . . . . . . . . . Bothacking | -11 -10 -10 -9 -9 -8 -8 -8 -6 -6 -6 -6 -6 -6 -6 -5 -5 -5 -5 -4 -4 -4 -3 -3 -2 ------------ Run | Scr Mat Min Mat Min Mat Sto Rec Fac Gar Fac Ext Cet Arc Hub Fac Gar Fac Gar Fac Upp Upp Res Qua Res Used RIF Installer 3 | . . . . . . . . . 1 . . . . . . 1 . 1 . . . . . . Hotswap 1 | . . . . . . . . . . . . . . . . 1 . . . . . . . . Program Shield 1 | . . . . . . . . . . . . . . . . . . 1 . . . . . . Robots Hacked . | . . . . . . . . . . . . . . . . . . . . . . . . . Non-combat . | . . . . . . . . . . . . . . . . . . . . . . . . . Combat . | . . . . . . . . . . . . . . . . . . . . . . . . . Robot Hacks Applied . | . . . . . . . . . . . . . . . . . . . . . . . . . Relay Couplers Released 18 | . . . . . . . . . 9 . . . . . . 3 . . . . . 6 . . Machine Destruction 14 | . . . . . . . . . 9 . . . . . . 3 . . . . . 2 . . Programmers 4 | . . . . . . . . . . . . . . . . . . . . . . 4 . . Fabnet Peak Effective % . | . . . . . . . . . . . . . . . . . . . . . . . . . Robots Rewired 9 | . . . . . . . . . . . . . . . . 6 . . . 2 1 . . . Allies Hacked 3 | . . . . . . . . . . . . . . . 2 . 1 . . . . . . . Hacks Repelled . | . . . . . . . . . . . . . . . . . . . . . . . . . Allies | -11 -10 -10 -9 -9 -8 -8 -8 -6 -6 -6 -6 -6 -6 -6 -5 -5 -5 -5 -4 -4 -4 -3 -3 -2 -------- Run | Scr Mat Min Mat Min Mat Sto Rec Fac Gar Fac Ext Cet Arc Hub Fac Gar Fac Gar Fac Upp Upp Res Qua Res Total Allies 44 | . . 1 . . . 10 . . . . 6 . . . 15 6 3 . . 2 1 . . . Largest Group 13 | . . 1 . . . 10 . . . . 3 3 . . 13 6 6 . . 2 2 . . . Highest-Rated Group 237 | . . 31 . . . 173 . . . . 210 82 . . 208 237 207 . . 94 89 . . . Highest-Rated Ally 159 | . . 31 . . . 29 . . . . 159 31 . . 16 49 49 . . 47 47 . . . Total Orders . | . . . . . . . . . . . . . . . . . . . . . . . . . Ally Attacks 282 | . . . . . . 88 . . . . 24 7 . . 84 6 58 . . 8 7 . . . Total Damage 5143 | . . . . . . 1152 . . . . 845 152 . . 869 165 1465 . . 281 214 . . . Kills 40 | . . . . . . 18 . . . . 1 1 . . 6 2 10 . . 1 1 . . . Allies Corrupted 5 | . . . . . . 1 . . . . . 1 . . 1 . 2 . . . . . . . Allies Melted . | . . . . . . . . . . . . . . . . . . . . . . . . . Intel | -11 -10 -10 -9 -9 -8 -8 -8 -6 -6 -6 -6 -6 -6 -6 -5 -5 -5 -5 -4 -4 -4 -3 -3 -2 ------- Run | Scr Mat Min Mat Min Mat Sto Rec Fac Gar Fac Ext Cet Arc Hub Fac Gar Fac Gar Fac Upp Upp Res Qua Res Robot Analysis Total 3 | . . . . . . . 1 . . . . . . . 1 . . . . . . . 1 . Derelict Logs Recovered 4 | . . . . 1 . . . . . . . . . . . . . . . 1 2 . . . Drone Launches . | . . . . . . . . . . . . . . . . . . . . . . . . . Drone Recoveries . | . . . . . . . . . . . . . . . . . . . . . . . . . Exploration | -11 -10 -10 -9 -9 -8 -8 -8 -6 -6 -6 -6 -6 -6 -6 -5 -5 -5 -5 -4 -4 -4 -3 -3 -2 ------------- Run | Scr Mat Min Mat Min Mat Sto Rec Fac Gar Fac Ext Cet Arc Hub Fac Gar Fac Gar Fac Upp Upp Res Qua Res Turns Passed 34751 | 116 731 1351 1347 306 1574 1929 628 446 2795 1086 928 787 343 1399 1662 1758 2155 1438 1797 1718 1808 2339 1726 2584 Spaces Moved 14788 | 60 340 410 451 120 690 1105 366 269 1088 440 389 259 117 579 666 856 1098 679 576 994 819 679 653 1085 Core 372 | 3 . . . . . . . . . . . . . . . . . . . . . . . 369 Treads 14282 | 57 340 410 451 120 690 1105 366 269 1088 440 389 259 117 579 666 856 1098 679 576 994 819 679 653 582 Legs . | . . . . . . . . . . . . . . . . . . . . . . . . . Wheels . | . . . . . . . . . . . . . . . . . . . . . . . . . Hover 134 | . . . . . . . . . . . . . . . . . . . . . . . . 134 Flight . | . . . . . . . . . . . . . . . . . . . . . . . . . Fastest Speed 50 | 50 160 320 225 225 145 145 145 145 145 160 160 160 240 160 160 160 160 160 160 160 160 160 160 50 Average Speed 183 | 154 176 320 230 225 161 145 145 145 214 160 176 229 240 172 165 160 160 160 233 163 193 240 182 168 Slowest Speed 1300 | 160 320 320 240 225 225 145 145 145 312 160 240 240 240 242 250 160 160 160 250 245 245 320 240 1300 Overloaded Moves . | . . . . . . . . . . . . . . . . . . . . . . . . . Propulsion Burnouts . | . . . . . . . . . . . . . . . . . . . . . . . . . Robots Hopped . | . . . . . . . . . . . . . . . . . . . . . . . . . Cave-ins Triggered 1 | . . . . . . . . . . . . . . . . . . . . . . . . 1 Exploration Rate (%) 58 | 4 61 86 50 38 61 93 90 13 90 15 74 84 89 78 23 88 29 70 18 91 87 20 85 34 Regions Visited 24 Branch Regions 11 Pre-discovered Areas 2 | . . . . 1 . . . . . . . . . . . . . . . . 1 . . . Known Exits Taken 21 | 1 1 1 1 1 1 1 1 1 . 1 1 1 1 1 1 . 1 . 1 1 1 1 1 . Unknown Exits Taken . | . . . . . . . . . . . . . . . . . . . . . . . . . Scrap Searched 9 | . . 1 . 2 . . . . . . . . . . . . . . . 3 3 . . . Spaces Dug 81 | . . . . . . 9 . . . . . . . . . 46 3 . 2 . . . 3 18 Terrain Destroyed 1536 | . . . . . . 9 9 . 14 36 15 10 15 597 57 105 35 20 316 21 38 98 45 96 Melee 27 | . . . . . . 9 . . . . . . . . . . . . . . . . . 18 Projectile 537 | . . . . . . . 9 . 13 23 15 10 15 80 14 20 22 20 59 21 38 98 45 35 AOE 970 | . . . . . . . . . . 13 . . . 517 43 84 13 . 257 . . . . 43 Terrain Rammed . | . . . . . . . . . . . . . . . . . . . . . . . . . Walls Destroyed . | . . . . . . . . . . . . . . . . . . . . . . . . . Machines Disabled . | . . . . . . . . . . . . . . . . . . . . . . . . . Actions | -11 -10 -10 -9 -9 -8 -8 -8 -6 -6 -6 -6 -6 -6 -6 -5 -5 -5 -5 -4 -4 -4 -3 -3 -2 --------- Run | Scr Mat Min Mat Min Mat Sto Rec Fac Gar Fac Ext Cet Arc Hub Fac Gar Fac Gar Fac Upp Upp Res Qua Res Total 19778 | 83 412 451 630 145 1059 1295 411 304 1347 730 551 348 152 763 1162 1105 1423 917 837 1057 977 1064 1053 1502 Wait 2996 | 7 28 41 77 18 265 75 6 14 81 218 117 26 24 62 423 160 274 171 137 34 112 173 288 165 Move 14766 | 59 339 409 450 119 689 1104 365 268 1087 439 388 258 116 578 666 855 1098 678 575 993 818 678 652 1085 Hop . | . . . . . . . . . . . . . . . . . . . . . . . . . Pick Up 226 | 10 10 1 20 1 16 13 3 4 7 8 1 4 . 10 18 . 7 1 18 2 5 14 19 34 Fast Attach 67 | . . . . . 10 2 . 2 7 7 2 2 1 5 . . 3 2 . 1 . 18 5 . Attach 148 | 7 1 . 3 . 6 . . 3 5 1 2 1 . 11 12 3 3 . 13 1 4 10 13 49 Detach 3 | . . . . . . . . . . . . . . . . . . . 1 . . 1 . 1 Swap 95 | . 3 . 8 . 7 8 1 . 19 5 3 6 . 3 1 2 1 7 5 1 3 8 2 2 Drop 194 | . 1 . 7 1 20 16 3 2 20 14 4 6 . 6 13 . 5 4 9 1 5 30 16 11 Fire 1124 | . 30 . 65 6 46 47 33 11 106 38 34 36 11 88 29 67 32 54 79 14 28 132 56 82 Melee 84 | . . . . . . 29 . . . . . 9 . . . . . . . . . . 1 45 Ram 1 | . . . . . . . . . . . . . . . . . . . . . . . . 1 Kick . | . . . . . . . . . . . . . . . . . . . . . . . . . Crush 28 | . . . . . . . . . . . . . . . . . . . . . . . 1 27 Escape Stasis 14 | . . . . . . . . . 14 . . . . . . . . . . . . . . . Rewire 32 | . . . . . . 1 . . 1 . . . . . . 18 . . . 10 2 . . . Trap . | . . . . . . . . . . . . . . . . . . . . . . . . . Miscellaneous . | . . . . . . . . . . . . . . . . . . . . . . . . . Route ------- -11/Scrapyard -10/Materials (discovered 3 exits: *Mat / *Min x2) -10/Mines (discovered 2 exits: *Mat x2) -9/Materials (discovered 3 exits: *Mat / *Min x2) -9/Mines (discovered 2 exits: *Mat x2) -8/Materials (discovered 3 exits: *Fac / *Sto x2) -8/Storage (discovered 2 exits: *Fac / *Rec) -8/Recycling -6/Factory (discovered 2 exits: *Low / Gar) -6/Garrison (discovered 3 exits: *Fac x3) -6/Factory -6/Extension (discovered 3 exits: *Fac x2 / *Cet) -6/Cetus -6/Archives (discovered 3 exits: *Fac / *Hub x2) -6/Hub_04(d) (discovered 4 exits: *Fac x4) -5/Factory (discovered 3 exits: Upp x2 / Gar) -5/Garrison (discovered 3 exits: *Fac x3) -5/Factory (discovered 5 exits: *Fac x2 / *Upp x2 / Gar) -5/Garrison (discovered 3 exits: *Fac x3) -4/Factory -4/Upper Caves -4/Upper Caves -3/Research (discovered 4 exits: *Res x2 / *Qua x2) -3/Quarantine -2/Research (discovered 3 exits: *Acc / Tes x2) History --------- Turn | Location | Event 8 | -11/Scrapyard | Identified exit to Materials 8 | -11/Scrapyard | Discovered exit to Materials (range 16) 117 | -11/Scrapyard | Entered Materials 117 | -10/Materials | Evolved 1 slot: Utility x1 136 | -10/Materials | Identified exit to Mines 309 | -10/Materials | Build established: Hacker-Mutant 621 | -10/Materials | Identified exit to Materials 621 | -10/Materials | Discovered exit to Materials (range 4) 848 | -10/Materials | Entered Mines 859 | -10/Mines | Met a Derelict bent on vengeance 984 | -10/Mines | Received a Mining Laser from a helpful Derelict 1801 | -10/Mines | Discovered exit to Materials (range 9) 1974 | -10/Mines | Discovered exit to Materials (range 10) 2064 | -10/Mines | A weapon hastily lodged in a ceiling crevice suddenly fell to the ground 2199 | -10/Mines | Entered Materials 2199 | -9/Materials | Evolved 2 slots: Propulsion x2 2310 | -9/Materials | Identified exit to Mines 2310 | -9/Materials | Discovered exit to Mines (range 6) 3152 | -9/Materials | Identified exit to Materials 3152 | -9/Materials | Discovered exit to Materials (range 4) 3546 | -9/Materials | Entered Mines 3570 | -9/Mines | Discovered exit to Materials (range 10) 3733 | -9/Mines | Learned location of Storage (-8) 3804 | -9/Mines | Assembled infested the area 3816 | -9/Mines | Discovered exit to Materials (range 13) 3852 | -9/Mines | Entered Materials 3852 | -8/Materials | Evolved 2 slots: Utility x1, Weapon x1 4159 | -8/Materials | Build established: Hacker-Gunner 4327 | -8/Materials | Identified exit to Storage 5084 | -8/Materials | Identified exit to Factory 5084 | -8/Materials | Discovered exit to Factory (range 3) 5138 | -8/Materials | Repaired Adv. Treads 5178 | -8/Materials | Repaired Adv. Treads 5212 | -8/Materials | Repaired Autogun 5426 | -8/Materials | Entered Storage 5738 | -8/Storage | Assisted by bots powering up and referring to "LRC-V3" 5747 | -8/Storage | Garrison activated, responded to threat 5918 | -8/Storage | Discovered exit to Factory (range 15) 6255 | -8/Storage | Found Prototype Protection 6256 | -8/Storage | Identified Lgt. Regenerative Plating 6631 | -8/Storage | Build established: Hacker-Mutant 7350 | -8/Storage | Identified exit to Recycling 7350 | -8/Storage | Discovered exit to Recycling (range 4) 7355 | -8/Storage | Entered Recycling 7418 | -8/Recycling | Spotter reported a threat 7418 | -8/Recycling | Spotter reported a threat 7473 | -8/Recycling | Spotter reported a threat 7522 | -8/Recycling | Spotter reported a threat 7588 | -8/Recycling | Spotter reported a threat 7599 | -8/Recycling | Spotter reported a threat 7685 | -8/Recycling | Spotter reported a threat 7737 | -8/Recycling | Spotter reported a threat 7746 | -8/Recycling | Spotter reported a threat 7780 | -8/Recycling | Identified exit to Factory 7780 | -8/Recycling | Discovered exit to Factory (range 5) 7785 | -8/Recycling | Spotter reported a threat 7805 | -8/Recycling | Spotter reported a threat 7805 | -8/Recycling | Spotter reported a threat 7858 | -8/Recycling | Spotter reported a threat 7919 | -8/Recycling | Spotter reported a threat 7933 | -8/Recycling | Spotter reported a threat 7983 | -8/Recycling | Entered Factory 7983 | -6/Factory | Evolved 4 slots: Power x1, Utility x2, Weapon x1 8258 | -6/Factory | Build established: Hacker-Gunner 8276 | -6/Factory | Identified exit to Lower Caves 8276 | -6/Factory | Discovered exit to Lower Caves (range 5) 8333 | -6/Factory | Search patrols dispatched 8401 | -6/Factory | Identified exit to Garrison 8429 | -6/Factory | Entered Garrison 8437 | -6/Garrison | Installed Relay Interface Framework 8466 | -6/Garrison | Triggered checkpoint 8509 | -6/Garrison | Garrison Relay disabled 8576 | -6/Garrison | Triggered checkpoint 8768 | -6/Garrison | Spotted B-75 Beast 8774 | -6/Garrison | Destroyed 7 combat bots 8801 | -6/Garrison | Destroyed B-75 Beast 8802 | -6/Garrison | Lost 4 parts (1n2u1w) 9096 | -6/Garrison | Identified exit to Factory 9096 | -6/Garrison | Discovered exit to Factory (range 10) 9176 | -6/Garrison | Triggered checkpoint 9198 | -6/Garrison | Garrison Relay disabled 9354 | -6/Garrison | Triggered checkpoint 9354 | -6/Garrison | Triggered checkpoint 9584 | -6/Garrison | Triggered checkpoint 9647 | -6/Garrison | Spotted B-75 Beast 9647 | -6/Garrison | Spotted B-75 Beast 9708 | -6/Garrison | Build established: Scavenger-Tank 9902 | -6/Garrison | Triggered checkpoint 9987 | -6/Garrison | Triggered checkpoint 10020 | -6/Garrison | Triggered checkpoint 10136 | -6/Garrison | Discovered exit to Factory (range 14) 10452 | -6/Garrison | Triggered checkpoint 10594 | -6/Garrison | Discovered exit to Factory (range 10) 10810 | -6/Garrison | Destroyed B-75 Beast 10843 | -6/Garrison | Destroyed B-75 Beast 11224 | -6/Garrison | Entered Factory 11442 | -6/Factory | Build established: Scavenger-Mutant 11762 | -6/Factory | Build established: Scavenger-Tank 12118 | -6/Factory | Identified exit to Extension 12118 | -6/Factory | Discovered exit to Extension (range 15) 12274 | -6/Factory | First assault squad dispatched 12310 | -6/Factory | Entered Extension 12456 | -6/Extension | Rescued a captive Derelict 12549 | -6/Extension | Rescued a captive Derelict 12579 | -6/Extension | Build established: Hacker-Tank 12600 | -6/Extension | Rescued A7 12647 | -6/Extension | Spotted B-75 Beast 12664 | -6/Extension | Destroyed B-75 Beast 12678 | -6/Extension | Spotted B-75 Beast 12681 | -6/Extension | Extracted ID and sensor layout for unrecognized location from A7's data core 12701 | -6/Extension | Destroyed B-75 Beast 12811 | -6/Extension | Identified exit to Factory 12811 | -6/Extension | Discovered exit to Factory (range 3) 12939 | -6/Extension | Rescued a captive Derelict 12993 | -6/Extension | Rescued a captive Derelict 12993 | -6/Extension | Rescued a captive Derelict 13168 | -6/Extension | Identified exit to Cetus 13219 | -6/Extension | Discovered exit to Factory (range 10) 13238 | -6/Extension | Entered Cetus 13238 | -6/Cetus | Accompanied by 3 allies 13260 | -6/Cetus | Spotted Cetus Guard 13260 | -6/Cetus | Spotted Cetus Guard 13263 | -6/Cetus | Spotted Cetus Guard 13264 | -6/Cetus | Destroyed Cetus Guard 13273 | -6/Cetus | Destroyed Cetus Guard 13284 | -6/Cetus | Destroyed Cetus Guard 13284 | -6/Cetus | Spotted Cetus Guard 13299 | -6/Cetus | Destroyed Cetus Guard 13790 | -6/Cetus | Cetus Manufacturing Module disabled 13863 | -6/Cetus | Build established: Scavenger-Tank 13901 | -6/Cetus | Identified exit to Archives 13901 | -6/Cetus | Discovered exit to Archives (range 15) 13947 | -6/Cetus | Spotted Cetus Guard 13948 | -6/Cetus | Spotted Cetus Guard 14003 | -6/Cetus | Spotted Cetus Guard 14004 | -6/Cetus | Spotted Cetus Guard 14025 | -6/Cetus | Entered Archives 14159 | -6/Archives | Unable to access archive contents 14188 | -6/Archives | Unable to access archive contents 14197 | -6/Archives | Identified exit to Hub_04(d) 14197 | -6/Archives | Discovered exit to Hub_04(d) (range 16) 14226 | -6/Archives | Discovered exit to Hub_04(d) (range 13) 14257 | -6/Archives | Discovered exit to Factory (range 16) 14368 | -6/Archives | Entered Hub_04(d) 14451 | -6/Hub_04(d) | Discovered exit to Factory (range 11) 14604 | -6/Hub_04(d) | Garrison activated, responded to threat 14831 | -6/Hub_04(d) | Discovered exit to Factory (range 15) 14890 | -6/Hub_04(d) | Spotted B-75 Beast 14982 | -6/Hub_04(d) | Destroyed B-75 Beast 14997 | -6/Hub_04(d) | Discovered exit to Factory (range 7) 15141 | -6/Hub_04(d) | Network Hub disabled 15383 | -6/Hub_04(d) | Spotted Lightning 15385 | -6/Hub_04(d) | Spotted Lightning 15386 | -6/Hub_04(d) | Spotted Lightning 15387 | -6/Hub_04(d) | Destroyed Lightning 15408 | -6/Hub_04(d) | Destroyed Lightning 15411 | -6/Hub_04(d) | Destroyed Lightning 15425 | -6/Hub_04(d) | Core integrity fell below 50% 15452 | -6/Hub_04(d) | Found Prototype Device 15453 | -6/Hub_04(d) | Identified Exp. Phase Shifter 15538 | -6/Hub_04(d) | Network Hub disabled 15556 | -6/Hub_04(d) | Disrupted transfer network 15617 | -6/Hub_04(d) | Spotted Lightning 15617 | -6/Hub_04(d) | Spotted Lightning 15618 | -6/Hub_04(d) | Spotted Lightning 15627 | -6/Hub_04(d) | System corruption reached 10% 15644 | -6/Hub_04(d) | Destroyed Lightning 15664 | -6/Hub_04(d) | Destroyed Lightning 15674 | -6/Hub_04(d) | Destroyed Lightning 15687 | -6/Hub_04(d) | Found Prototype Processor 15687 | -6/Hub_04(d) | Identified Exp. Targeting Computer 15710 | -6/Hub_04(d) | Discovered exit to Factory (range 8) 15747 | -6/Hub_04(d) | Network Hub disabled 15767 | -6/Hub_04(d) | Entered Factory 15767 | -5/Factory | Evolved 2 slots: Utility x2 15957 | -5/Factory | Fabricated Adv. Heavy Siege Treads (x2) 16198 | -5/Factory | Fabricated G-47 Trooper (x3) 16257 | -5/Factory | Fabricated G-47 Trooper (x3) 16316 | -5/Factory | Fabricated G-47 Trooper (x3) 16375 | -5/Factory | Fabricated G-47 Trooper (x3) 16434 | -5/Factory | Fabricated G-47 Trooper (x3) 16477 | -5/Factory | Fabricated Gauss Rifle (x2) 16672 | -5/Factory | Spotted B-75 Beast 16674 | -5/Factory | Allies destroyed B-75 Beast 16988 | -5/Factory | Identified exit to Upper Caves 16995 | -5/Factory | Build established: Scavenger-Gunner 17429 | -5/Factory | Identified exit to Garrison 17429 | -5/Factory | Entered Garrison 17437 | -5/Garrison | Expanded RIF knowledge: Hotswap 17652 | -5/Garrison | Identified exit to Factory 17652 | -5/Garrison | Discovered exit to Factory (range 8) 17681 | -5/Garrison | Triggered checkpoint 17694 | -5/Garrison | Garrison Relay disabled 17719 | -5/Garrison | Destroyed 7 combat bots 17784 | -5/Garrison | Triggered checkpoint 17862 | -5/Garrison | Triggered checkpoint 18004 | -5/Garrison | Triggered checkpoint 18110 | -5/Garrison | Triggered checkpoint 18156 | -5/Garrison | Discovered exit to Factory (range 14) 18330 | -5/Garrison | Triggered checkpoint 18389 | -5/Garrison | Discovered exit to Factory (range 11) 18466 | -5/Garrison | Triggered checkpoint 18532 | -5/Garrison | Triggered checkpoint 19187 | -5/Garrison | Entered Factory 19187 | -5/Factory | Accompanied by 5 allies 19807 | -5/Factory | P-70 Sage assimilated allied Sentinel 6a 19927 | -5/Factory | Fabricated B-48 Gladiator (x3) 20429 | -5/Factory | Discovered exit to Upper Caves (range 16) 20536 | -5/Factory | Identified exit to Factory 20536 | -5/Factory | Discovered exit to Factory (range 16) 20947 | -5/Factory | Discovered exit to Factory (range 15) 21153 | -5/Factory | Fabricated Adv. Shield Generator (x2) 21342 | -5/Factory | Identified exit to Garrison 21342 | -5/Factory | Entered Garrison 21350 | -5/Garrison | Expanded RIF knowledge: Program Shield 21414 | -5/Garrison | Triggered checkpoint 21447 | -5/Garrison | Build established: Scavenger-Tank 21552 | -5/Garrison | Triggered checkpoint 21594 | -5/Garrison | Destroyed 7 combat bots 21636 | -5/Garrison | Triggered checkpoint 21654 | -5/Garrison | Triggered checkpoint 21713 | -5/Garrison | Discovered exit to Factory (range 12) 21788 | -5/Garrison | Triggered checkpoint 21944 | -5/Garrison | Discovered exit to Factory (range 12) 22004 | -5/Garrison | Triggered checkpoint 22141 | -5/Garrison | Spotted B-75 Beast 22141 | -5/Garrison | Spotted B-75 Beast 22205 | -5/Garrison | Discovered exit to Factory (range 12) 22362 | -5/Garrison | Destroyed B-75 Beast 22390 | -5/Garrison | Destroyed B-75 Beast 22780 | -5/Garrison | Entered Factory 22780 | -4/Factory | Evolved 2 slots: Utility x2 23530 | -4/Factory | First assault squad dispatched 24454 | -4/Factory | Identified exit to Upper Caves 24454 | -4/Factory | Discovered exit to Upper Caves (range 11) 24577 | -4/Factory | Entered Upper Caves 24671 | -4/Upper Caves | Attracted the attention of an 0b10 outpost 24729 | -4/Upper Caves | Destroyed 7 combat bots 24948 | -4/Upper Caves | Spotted B-86 Titan 24966 | -4/Upper Caves | Allies destroyed B-86 Titan 25044 | -4/Upper Caves | Learned Research trap positions 25183 | -4/Upper Caves | Identified exit to Upper Caves 25183 | -4/Upper Caves | Discovered exit to Upper Caves (range 8) 25844 | -4/Upper Caves | Encountered a Warlord checkpoint 26295 | -4/Upper Caves | Entered another Upper Caves area 26295 | -4/Upper Caves | Accompanied by 2 allies 26416 | -4/Upper Caves | Attracted the attention of an 0b10 outpost 27034 | -4/Upper Caves | Identified exit to Research 27034 | -4/Upper Caves | Discovered exit to Research (range 10) 27186 | -4/Upper Caves | Learned location of Testing (-2) 27504 | -4/Upper Caves | Learned 8 Research zone layouts 27504 | -4/Upper Caves | Learned Research trap positions 27504 | -4/Upper Caves | Learned Extension trap positions 27504 | -4/Upper Caves | Learned Factory emergency access door positions 27504 | -4/Upper Caves | Learned Research stockpile data 27866 | -4/Upper Caves | Learned Research trap positions 27928 | -4/Upper Caves | Build established: Scavenger-Gunner 28103 | -4/Upper Caves | Entered Research 28103 | -3/Research | Evolved 2 slots: Power x1, Utility x1 28104 | -3/Research | Identified exit to Research 28104 | -3/Research | Identified exit to Quarantine 28105 | -3/Research | Loaded intel: 75 trap records 28247 | -3/Research | Spotted B-86 Titan 28294 | -3/Research | Destroyed B-86 Titan 28383 | -3/Research | Destroyed 7 combat bots 28520 | -3/Research | Repaired Lyr. Heavy Armor Plating 28852 | -3/Research | Cargo convoy interrupted 28887 | -3/Research | Found Prototype Device 28888 | -3/Research | Identified Exp. Transmission Jammer 28905 | -3/Research | Destroyed 7 combat bots 28928 | -3/Research | Found Prototype Device 28928 | -3/Research | Identified Exp. Shock Absorption System 28953 | -3/Research | Found Prototype Launcher 28954 | -3/Research | Identified Point Singularity Launcher 29188 | -3/Research | Build established: Scavenger-Tank 29597 | -3/Research | Build established: Generator-Tank 30166 | -3/Research | Discovered exit to Research (range 10) 30185 | -3/Research | Garrison activated, responded to threat 30238 | -3/Research | Destroyed 7 combat bots 30442 | -3/Research | Entered Quarantine 30895 | -3/Quarantine | Found Alien Impact Weapon 30897 | -3/Quarantine | Identified Core Stripper 31000 | -3/Quarantine | Garrison activated, responded to threat 31176 | -3/Quarantine | Build established: Hacker-Tank 31192 | -3/Quarantine | First assault squad dispatched 31222 | -3/Quarantine | Scanned by Researcher 31287 | -3/Quarantine | Destroyed 7 combat bots 31442 | -3/Quarantine | Spotted Alpha 7 31455 | -3/Quarantine | Destroyed Alpha 7 31499 | -3/Quarantine | Found Alien Launcher 31501 | -3/Quarantine | Identified Sigix Terminator 31667 | -3/Quarantine | Repaired Lyr. Heavy Armor Plating 31736 | -3/Quarantine | Repaired Linear Accelerator 31984 | -3/Quarantine | Found Alien Artifact 32032 | -3/Quarantine | Build established: Hacker-Gunner 32083 | -3/Quarantine | Identified Core Reset Matrix 32168 | -3/Quarantine | Entered Research 32168 | -2/Research | Evolved 2 slots: Weapon x2 32169 | -2/Research | Loaded intel: 108 trap records 32257 | -2/Research | Spotted B-90 Cyclops 32466 | -2/Research | Build established: Hacker-Executioner 32475 | -2/Research | Spotted B-90 Cyclops 32535 | -2/Research | Destroyed B-90 Cyclops 32786 | -2/Research | Repaired Exp. Power Shielding 32816 | -2/Research | Repaired Lyr. Heavy Armor Plating 33142 | -2/Research | System corruption reached 10% 33160 | -2/Research | Lost 3 parts (3u) 33330 | -2/Research | Lost 14 parts (2p1n4u7w) 33414 | -2/Research | Lost 4 parts (2p1n1w) 33546 | -2/Research | Core integrity fell below 50% 33867 | -2/Research | Build established: Scavenger-Executioner 34114 | -2/Research | Lost 15 parts (3p2n5u5w) 34340 | -2/Research | Identified exit to Testing 34348 | -2/Research | Identified exit to Access 34348 | -2/Research | Discovered exit to Access (range 14) 34376 | -2/Research | Spotted B-90 Cyclops 34399 | -2/Research | Crushed by falling debris 34399 | -2/Research | System corruption reached 30% 34442 | -2/Research | Core integrity fell below 20% 34533 | -2/Research | Build established: Hacker-Mutant 34752 | -2/Research | Destroyed by P-80 Master with Gamma Rifle Last Messages --------------- 34686_ Shock Maul destroyed. 34699_ K-01 Serf cleans the Repair Station. 34701_ K-01 Serf destroyed. 34702_ K-01 Serf cleans the Repair Station. 34708_ System corrupted: FCS attempts to trigger Railgun. 34708_ System corrupted: Railgun misfires. 34708_ Slug penetrates Wall. 34712_ Terminal disabled. 34716_ Acquired Prototype Device. 34717_ Identified Prc. Matter Filter. 34718_ Adv. Shield Generator destroyed. 34718_ Penetrated by Slug. 34729_ System corrupted: Matter fused (-8). 34729_ Acquired 5 matter. 34734_ System corrupted: Railgun jammed. 34738_ Particle Reactor destroyed. 34741_ Railgun destroyed. 34742_ Acquired 55 matter. 34745_ 5&F#B5ZZKG,L<8 7SP&RXQ40AJAAMP